 Dungeon Crawl Stone Soup version 0.01-2115-ge649c80b0b (webtiles) character file.

Game seed: 14724118157241157330, levelgen mode: deterministic

18 Lanoc the Unbeliever (level 2, -2/25 HPs) Hill Orc Demonspawn. Began on June 11, 2020. Slain by a sewer rat (9 damage) ... on level 2 of the Dungeon. The game lasted 00:00:22 (167 turns).

Lanoc the Unbeliever (Hill Orc Demonspawn)           Turns: 167, Time: 00:00:23

Health: -2/25      AC:  3    Str: 16    XL:     2 ^: 8
Magic:  4/4        EV: 12    Int: 12    God:
Gold:   15         SH:  0    Dex: 10    Spells: 3/4 levels left

rFire    . . .     Vision   .   a - +0 war axe
rCold    . . .     Gourm    .   (no weapon)
rNeg     . . .     Faith    .   b - +0 leather armour
rPois    .         Spirit   .   (no helmet)
rElec    .         Reflect  .   (no cloak)
rCorr    .         Harm     .   (no gloves)
MR       .....                  (no boots)
Stlth    +.........             (no amulet)
HPRegen  0.18/turn              (no ring)
MPRegen  0.14/turn              (no ring)

@: no status effects
A: demonic guardian 1
a: no special abilities


You were on level 2 of the Dungeon.
You were not hungry.

You visited 1 branch of the dungeon, and saw 2 of its levels.

You collected 15 gold pieces.

Inventory:

Weapons
 a - a +0 war axe (weapon)
Armour
 b - a +0 leather armour (worn)
Comestibles
 c - a chunk of flesh
 d - a ration


   Skills:
 + Level 2.7 Fighting
 * Level 3.3 Axes & Hammers
 + Level 0.7 Armour
 + Level 2.5 Dodging
 - Level 1.5 Stealth
 - Level 1.5 Spellcasting
   Level 3.6 Invocations


You had 3 spell levels left.
You knew the following spells:

 Your Spells              Type           Power        Failure   Level  Hunger
a - Flame Tongue          Fire           0 (40)       32%         1    ##.....

Your spell library contained the following spells:

 Spells                   Type           Power        Failure   Level  Hunger
 Blink                    Tloc           N/A          43%         2    ###....
 Call Imp                 Summ           0 (100)      43%         2    ###....
 Slow                     Hex            0 (100)      43%         2    ###....
 Conjure Flame            Fire           0 (100)      67%         3    ####...
 Mephitic Cloud           Pois/Air       0 (100)      67%         3    ####...


Dungeon Overview and Level Annotations

Branches:
Dungeon (2/8)

Altars:


Innate Abilities, Weirdness & Mutations

A weak demonic guardian rushes to your aid.


Message History

You hit the sewer rat (2).
The sewer rat is heavily wounded. (5/11) HP You barely miss the bat.
You barely miss the sewer rat. x2
You closely miss the sewer rat.
The sewer rat is heavily wounded. (5/11) HP The bat barely misses you (0).
The sewer rat closely misses you (0). The sewer rat barely misses you (0).
The sewer rat bites you (3). The bat misses you (0).
Your iron imp closely misses the sewer rat (0).
The sewer rat closely misses you (0).
You barely miss the sewer rat. You hit the bat (1).
You hit the sewer rat but do no damage. You hit the sewer rat (5).
You closely miss the sewer rat. The bat misses you (0).
The sewer rat bites you (6). The sewer rat closely misses you (0).
The sewer rat bites you (2).
Your iron imp barely misses the sewer rat (0).
The sewer rat barely misses you (0). The sewer rat bites you (1).
* * * LOW HITPOINT WARNING * * *
The sewer rat bites you (9)!
You die...

≈≈≈≈###
≈P.#≈##
.P#≈≈# P...#
..≈## #≈≈.##
#rrr5##
#<@r..#
PP.≈.....#
$P≈..##.....#
.P≈≈≈≈
##b...# .≈≈≈≈
..≈## .≈≈≈≈
...# .P≈≈
...≈ ≈P≈≈
.....


You could see 4 sewer rats, a bat and a friendly iron imp.

Vanquished Creatures
  A sewer rat (D:2)
  A cinder newt (D:1)
  A goblin (D:1)
  A kobold (D:1)
4 creatures vanquished.

Notes
Turn   | Place    | Note
-------+----------+-------------------------------------------
     0 | D:1      | Lanoc the Hill Orc Demonspawn began the quest for the Orb.
     0 | D:1      | Reached XP level 1. HP: 18/18 MP: 3/3
    60 | D:1      | Gained mutation: A weak demonic guardian rushes to your
                  | aid. [demonic ancestry]
    60 | D:1      | Reached XP level 2. HP: 9/25 MP: 4/4
   167 | D:2      | Slain by a sewer rat

Levels and vault maps discovered:
D:1:      dpeg_arrival_rhombi, layout_basic, first_ration, minmay_pentomino_o4
D:2:      layout_sewer, bcadren_lemuel_inverted_doored_altar, serial_shops, shop

Skill      XL: |  1 |
---------------+----+-----
Axes & Hammers | 3 |  3.3
Fighting       | |  2.7
Armour         | |  0.7
Dodging        | |  2.5
Stealth        | |  1.5
Spellcasting   | |  1.5
Invocations    | |  3.6

Action                   || total
-------------------------++-------
Melee: War axe           ||    16
       Unarmed           ||    12
 Stab: Sleeping          ||     1
Armor: Leather armour    ||     1
Dodge: Dodged            ||    23
